Map: Interloper LE

Players

TRUE - Winner!

  • Race: Zerg Zerg
  • Spawn Location: 11:00

DnS

  • Race: Protoss Protoss
  • Spawn Location: 5:00

Event: WCS Montreal 2017

VOD

Have the link to the VOD?

Description

Time

  • Played on: Sept. 9, 2017, 12:19 p.m.
  • Length: 9:50

All games in this series

Show
View Real Time Build Order
Export as new Build Order

TRUE Zerg - Winner!

Build Orders: Hatch First 

Get SALT Encoding   

  12  0:00  Drone  
  13  0:12  Overlord  
  13  0:17  Drone  
  14  0:30  Drone  
  14  0:31  Drone  
  16  0:48  Hatchery  
  15  0:51  Drone  
  15  0:55  Drone  
  17  1:10  Spawning Pool  
  16  1:12  Extractor  
  16  1:15  Drone  
  17  1:18  Drone  
  17  1:21  Drone  
  18  1:27  Drone  
  19  1:39  Overlord  
  19  1:56  Queen  
  19  1:59  Queen, Zergling x2  
  24  2:01  Drone  
  24  2:03  Drone  
  26  2:12  Drone x2  
  28  2:16  Metabolic Boost  
  28  2:21  Drone  
  29  2:23  Drone  
  30  2:33  Drone  
  30  2:34  Drone  
  32  2:43  Hatchery  
  31  2:49  Queen  
  33  2:52  Drone  
  33  2:56  Overlord  
  34  2:59  Drone  
  34  3:00  Drone  
  36  3:11  Overlord  
  36  3:15  Drone x5  
  36  3:17  Drone  
  42  3:22  Evolution Chamber  
  42  3:25  Queen  
  43  3:30  Zergling x4  
  43  3:33  Zergling x2  
  46  3:37  Overlord  
  46  3:39  Drone x2  
  49  3:41  Drone  
  49  3:43  Drone  
  49  3:46  Drone x2  
  52  3:51  Zerg Melee Weapons Level 1  
  51  3:58  Zergling x2  
  51  3:59  Zergling x2  
  51  4:00  Drone x3  
  51  4:02  Queen  
  56  4:07  Queen  
  60  4:14  Drone x4  
  60  4:15  Drone x2  
  66  4:19  Extractor  
  66  4:21  Extractor, Overlord  
  66  4:22  Drone  
  65  4:28  Drone  
  65  4:29  Overlord  
  65  4:36  Lair  
  65  4:37  Overlord  
  65  4:48  Drone  
  65  4:49  Drone  
  65  4:50  Drone x5  
  65  4:51  Queen  
  74  4:54  Queen  
  76  5:01  Overlord  
  76  5:09  Extractor  
  76  5:11  Drone x6  
  76  5:12  Roach Warren  
  80  5:21  Drone x2  
  77  5:26  Drone x6  
  83  5:28  Drone  
  83  5:31  Drone x2  
  83  5:33  Extractor  
  85  5:36  Extractor  
  85  5:37  Spire  
  85  5:41  Zergling x8  
  87  5:43  Zergling x2  
  87  5:50  Drone  
  87  5:51  Drone  
  87  5:52  Overlord x2  
  87  5:54  Overlord  
  89  5:57  Overlord  
  89  6:00  Overlord  
  89  6:05  Overlord  
  89  6:09  Overlord x2  
  89  6:14  Drone x2  
  91  6:20  Zergling x12  
  91  6:21  Hatchery  
  96  6:33  Drone x7  
  96  6:34  Drone  
  104  6:44  Overlord x2  
  103  6:49  Mutalisk  
  103  6:50  Mutalisk x3  
  103  6:51  Mutalisk  
  113  6:54  Mutalisk  
  113  6:55  Mutalisk  
  113  6:57  Mutalisk, Hatchery  
  113  7:00  Mutalisk  
  116  7:02  Mutalisk  
  116  7:05  Mutalisk  
  116  7:06  Mutalisk  
  120  7:08  Mutalisk  
  120  7:11  Mutalisk  
  120  7:14  Mutalisk  
  126  7:16  Mutalisk  
  126  7:19  Extractor  
  126  7:22  Overlord  
  127  7:23  Extractor, Zergling x10  
  127  7:25  Mutalisk  
  127  7:27  Mutalisk  
  135  7:34  Mutalisk  
  137  7:38  Overlord  
  137  7:44  Mutalisk  
  137  7:58  Mutalisk  
  137  8:01  Mutalisk  
  139  8:09  Mutalisk  
  139  8:10  Mutalisk  
  139  8:11  Mutalisk  
  145  8:16  Mutalisk  
  145  8:17  Zergling x2  
  145  8:18  Zergling x20  
  156  8:24  Mutalisk  
  158  8:28  Zergling x2  
  158  8:32  Zergling x16  
  155  8:47  Mutalisk  
  149  8:56  Pneumatized Carapace, Overseer  
  149  8:57  Zergling x12  
  149  8:58  Zergling x16  
  163  9:05  Zergling x4  
  163  9:08  Zergling x4  
  163  9:09  Zergling x4  
  169  9:10  Zergling x2  
  165  9:21  Mutalisk x4  
Show
View Real Time Build Order
Export as new Build Order

DnS Protoss 

Build Orders: 1 Gate Expand, Oracle Opening 

Get SALT Encoding   

  12  0:00  Probe (Chrono Boost)  
  13  0:11  Probe (Chrono Boost)  
  14  0:18  Pylon  
  14  0:22  Probe (Chrono Boost)  
  15  0:36  Probe (Chrono Boost)  
  15  0:39  Gateway  
  16  0:46  Probe (Chrono Boost)  
  16  0:48  Assimilator  
  18  0:57  Probe (Chrono Boost)  
  18  1:07  Probe (Chrono Boost)  
  19  1:21  Nexus  
  19  1:24  Probe (Chrono Boost)  
  20  1:35  Cybernetics Core  
  20  1:37  Probe (Chrono Boost)  
  21  1:44  Assimilator  
  21  1:47  Probe (Chrono Boost)  
  21  1:51  Pylon  
  22  1:58  Probe (Chrono Boost)  
  23  2:09  Probe (Chrono Boost)  
  23  2:11  Warp Gate, Adept (Chrono Boost)  
  26  2:21  Probe  
  27  2:32  Probe  
  27  2:33  Probe  
  27  2:34  Stargate  
  29  2:38  Adept (Chrono Boost)  
  29  2:43  Probe (Chrono Boost)  
  31  2:45  Probe (Chrono Boost)  
  33  2:55  Probe (Chrono Boost)  
  33  2:57  Probe (Chrono Boost)  
  35  3:02  Pylon  
  35  3:03  Adept  
  37  3:06  Probe (Chrono Boost)  
  37  3:07  Probe (Chrono Boost)  
  39  3:15  Probe (Chrono Boost)  
  39  3:17  Oracle (Chrono Boost)  
  39  3:18  Probe (Chrono Boost)  
  44  3:23  Gateway  
  44  3:26  Gateway  
  44  3:27  Probe  
  45  3:34  Probe  
  45  3:37  Probe  
  47  3:46  Probe, Pylon  
  47  3:48  Probe  
  48  3:49  Oracle (Chrono Boost)  
  52  4:00  Probe  
  52  4:01  Nexus  
  53  4:15  Adept  
  54  4:21  Probe, Zealot, Adept  
  54  4:23  Probe  
  60  4:25  Pylon  
  60  4:32  Probe, Assimilator  
  60  4:33  Assimilator  
  61  4:40  Pylon  
  61  4:43  Probe  
  61  4:45  Probe  
  62  4:50  Phoenix (Chrono Boost), Pylon  
  65  4:55  Probe x2  
  67  5:05  Mothership Core  
  67  5:06  Robotics Facility x2  
  67  5:07  Probe  
  67  5:11  Probe  
  67  5:12  Sentry  
  73  5:19  Probe  
  74  5:22  Probe  
  74  5:24  Probe  
  69  5:31  Probe  
  69  5:33  Probe  
  69  5:34  Sentry x2  
  69  5:35  Probe  
  75  5:40  Pylon  
  76  5:43  Probe x2  
  76  5:46  Probe  
  79  5:51  Immortal x2 (Chrono Boost)  
  79  5:52  Forge  
  79  5:55  Probe x2  
  89  5:57  Pylon  
  89  5:58  Probe (Chrono Boost)  
  89  5:59  Pylon  
  89  6:02  Pylon  
  90  6:05  Assimilator  
  90  6:07  Assimilator, Probe (Chrono Boost)  
  90  6:08  Twilight Council  
  90  6:09  Probe (Chrono Boost)  
  93  6:12  Probe (Chrono Boost), Zealot  
  95  6:18  Probe (Chrono Boost)  
  95  6:19  Protoss Ground Weapons Level 1  
  95  6:21  Probe (Chrono Boost)  
  95  6:23  Immortal  
  95  6:24  Probe (Chrono Boost)  
  95  6:25  Immortal  
  97  6:29  Probe (Chrono Boost)  
  107  6:33  Probe (Chrono Boost)  
  107  6:44  Gateway  
  107  6:45  Gateway  
  107  6:46  Gateway  
  107  6:48  Gateway  
  107  6:49  Charge (Chrono Boost)  
  107  6:51  Templar Archives  
  107  6:53  Gateway  
  107  6:58  Phoenix (Chrono Boost)  
  105  7:03  Photon Cannon  
  105  7:06  Photon Cannon  
  105  7:10  Stargate  
  105  7:20  Phoenix (Chrono Boost)  
  107  7:23  Warp Prism  
  107  7:27  Dark Shrine  
  107  7:29  Immortal  
  113  7:42  Phoenix (Chrono Boost)  
  111  7:44  Stalker x2  
  111  7:50  Nexus  
  111  7:51  Pylon  
  108  7:59  Stalker x2  
  108  8:00  Stalker  
  108  8:05  Phoenix (Chrono Boost)  
  97  8:20  Stalker x3  
  97  8:21  Phoenix (Chrono Boost)  
  101  8:30  Stalker x5  
  101  8:32  Phoenix (Chrono Boost)  
  93  8:43  Probe x3  
  88  8:55  Probe x2  
  87  8:59  Pylon x2  
  85  9:03  Dark Templar x2  
  85  9:08  Phoenix (Chrono Boost)  
  89  9:10  Zealot x2  
  89  9:19  Phoenix (Chrono Boost)  
  61  9:32  Pylon  
Tags
 
Add a new tag
Caveats
  • Supply blocks, unpowered buildings, or Contaminate may cause inaccurate times.
  • Supply counts are checked every 10 seconds.